 Dungeon Crawl Stone Soup version 0.30-a0-1082-g70414cbcbb (webtiles) character file.

Game seed: 4189034681913354033

210 tilp the Digger (level 6, -2/51 HPs)
             Began as a Meteoran Earth Elementalist on Apr 15, 2023.
             Was an Initiate of Ashenzari.
             Slain by Edmund
             ... wielding a +1 flail of pain
              (13 damage)
             ... on level 4 of the Dungeon.
             The game lasted 00:04:09 (608 turns).

tilp the Digger (Meteoran Earth Elementalist)        Turns: 608, Time: 00:04:09

Health: -2/51      AC:  2    Str: 10    XL:     6   Next: 35%
Magic:  1/11       EV: 13    Int: 19    God:    Ashenzari [......]
Gold:   70         SH:  0    Dex: 14    Spells: 7/11 levels left

rFire   . . .      SeeInvis .    a - +0 mace (holy)
rCold   . . .      Faith    .    (no shield)
rNeg    . . .      Spirit   .    r - +0 robe
rPois   .          Reflect  .    (no helmet)
rElec   .          Rampage  .    (no cloak)
rCorr   .                        (no gloves)
Will    .....                    (no boots)
Stlth   +                        (no amulet)
HPRegen 0.28/turn                (no ring)
MPRegen 0.12/turn                (no ring)

@: glowing
A: sense surroundings 1, otherworldly, glowing, explore regen
a: Renounce Religion


You were on level 4 of the Dungeon.
You worshipped Ashenzari.
Ashenzari was noncommittal.
You visited 1 branch of the dungeon, and saw 4 of its levels.

You collected 70 gold pieces.

Inventory:

Hand Weapons
 a - a +0 mace of holy wrath (weapon)
Missiles
 e - 8 stones
Armour
 h - a +0 helmet
 r - a +0 robe (worn)
Wands
 l - a wand of flame (20)
 q - a wand of iceblast (6)
Scrolls
 f - a scroll of fog {unknown}
 g - 2 scrolls of blinking {unknown}
 k - 2 scrolls of teleportation {unknown}
 n - a scroll of identify {unknown}
 o - a scroll of vulnerability {unknown}
Potions
 b - a potion of magic
 c - 2 potions of lignification {unknown}
 d - a potion of flight {unknown}
 j - a potion of ambrosia {unknown}
 m - a potion of brilliance {unknown}
 p - a potion of invisibility {unknown}


   Skills:
 * Level 3.3 Fighting
 + Level 3.6 Dodging
 - Level 2.0 Stealth
 - Level 3.0 Spellcasting
 - Level 1.2 Transmutations
 * Level 5.3 Earth Magic


You had 7 spell levels left.
You knew the following spells:

 Your Spells              Type           Power      Damage    Failure   Level
a - Sandblast             Erth           46%        2d11      1%          1
b - Stone Arrow           Conj/Erth      26%        3d8       16%         3

Your spell library contained the following spells:

 Spells                   Type           Power      Damage    Failure   Level
 Passwall                 Tmut/Erth      12%        N/A       6%          2
 Petrify                  Tmut/Erth      15%        N/A       36%         4


Dungeon Overview and Level Annotations

Branches:
Dungeon (4/15) Zot: 1765
 Temple: D:4-7

Altars:
Ashenzari
Zin

Annotations:
D:4 Edmund


Innate Abilities, Weirdness & Mutations

You passively map a small area around you.
You are easily found by Zot.
You glow in the dark.
You regain HP and MP as you explore.


Message History

Aim: Edmund, wielding a +1 flail of pain and wearing a +0 chain mail (moderately wounded, 77% to hit)
The stone arrow hits Edmund!
Edmund is heavily wounded.
Edmund hits you with a +1 flail of pain!
You writhe in agony.
Casting: Stone Arrow (dangerous; 16% risk of failure)
Confirm with . or Enter, or press ? or * to list all spells.
Aiming: Sandblast (safe; 1% risk of failure)
Press: ? - help, Shift-Dir - straight line, f/p - Edmund
Aim: Edmund, wielding a +1 flail of pain and wearing a +0 chain mail (heavily wounded, 87% to hit)
The blast of sand hits Edmund.
Edmund is severely wounded.
Edmund hits you with a +1 flail of pain!
You writhe in agony.
Edmund hits you with a +1 flail of pain.
You writhe in agony.
Casting: Sandblast (safe; 1% risk of failure)
Confirm with . or Enter, or press ? or * to list all spells.
Aiming: Sandblast (safe; 1% risk of failure)
Press: ? - help, Shift-Dir - straight line, f/p - Edmund
Aim: Edmund, wielding a +1 flail of pain and wearing a +0 chain mail (severely wounded, 87% to hit)
The blast of sand hits Edmund but does no damage.
Edmund is severely wounded.
Edmund hits you with a +1 flail of pain.
* * * LOW HITPOINT WARNING * * *
You writhe in agony.
* * * LOW HITPOINT WARNING * * *
Unknown command.
You hit Edmund.
Edmund is severely wounded.
Edmund hits you with a +1 flail of pain.
* * * LOW HITPOINT WARNING * * *
Unknown command.
Aiming: Iceblast
Press: ? - help, Shift-Dir - straight line, p - Edmund The mass of ice explodes!
The iceblast engulfs Edmund.
Edmund is severely wounded.
You hear a shout!
Edmund hits you with a +1 flail of pain!
You die...

#.##.##.. , ##### * *
##.......#* ** #...# , #
.........########...# *
#.* #....##.#.....##....
...##....##.#...........
...........†<...........
,
........#...#..........)
#.........#....)##..†# *
** ..#@@....########...#
#...###.## #...# #..#
#.# * ##.## #.. ,..# ,
#.# ## , ... , #.# *
..##,* * #.# * * #. ,
*#.# * , *


You could see Edmund.

Vanquished Creatures
  Eustachio (D:4)
  3 adders
  2 worms (D:3)
  3 dart slugs
  5 ball pythons
  5 bats
  2 endoplasms
  A giant cockroach (D:1)
  3 hobgoblins (D:1)
  4 jackals (D:1)
  2 frilled lizards
  A goblin (D:2)
  A kobold (D:1)
  3 rats
36 creatures vanquished.

Vanquished Creatures (others)
  A plant (D:1)
1 creature vanquished.

Grand Total: 37 creatures vanquished

Notes
Turn   | Place    | Note
-------+----------+-------------------------------------------
     0 | D:1      | tilp the Meteoran Earth Elementalist began the quest for
                  | the Orb.
     0 | D:1      | Reached XP level 1. HP: 14/14 MP: 5/5
    61 | D:1      | Reached XP level 2. HP: 22/22 MP: 3/6
   181 | D:1      | Reached skill level 1 in Fighting
   212 | D:1      | Reached XP level 3. HP: 28/28 MP: 6/8
   259 | D:1      | Reached skill level 4 in Earth Magic
   331 | D:2      | Learned a level 3 spell: Stone Arrow
   457 | D:4      | Reached XP level 4. HP: 36/36 MP: 7/9
   465 | D:4      | Noticed Eustachio
   477 | D:4      | Killed Eustachio
   478 | D:4      | Reached skill level 5 in Earth Magic
   478 | D:4      | Reached XP level 5. HP: 14/45 MP: 1/10
   478 | D:4      | Reached XP level 6. HP: 16/51 MP: 1/11
   493 | D:4      | Noticed Edmund
   552 | D:3      | Found a glowing silver altar of Zin.
   552 | D:3      | Found a broken altar of Ashenzari.
   565 | D:3      | Became a worshipper of Ashenzari the Shackled
   608 | D:4      | Slain by Edmund

Illustrated notes

Levels and vault maps discovered:
D:1:      roderic_crop_circles_arrival_small, layout_basic
D:2:      layout_basic, serial_bayou_pond_e
D:3:      layout_rooms, amethyst_overflow_temple_binary,
          nicolae_wu_jian_glorious_leap, serial_shops, shop, uniq_jessica
D:4:      layout_loops_cross, nicolae_wormholes, uniq_grinder, uniq_sigmund,
          uniq_edmund, uniq_eustachio, uniq_blork_the_orc

Skill      XL: |  1  2  3  4 |
---------------+-------------+-----
Fighting       | 1 3 |  3.3
Spellcasting   | 3 |  3.0
Earth Magic    | 4 5 |  5.3
Dodging        | 3 |  3.6
Stealth        | 2 |  2.0
Transmutations | |  1.2

Action                     |  1- 3 |  4- 6 || total
---------------------------+-------+-------++-------
  Melee: Unarmed           |    17 |       ||    17
         Mace              |       |     1 ||     1
   Cast: Sandblast         |    36 |    16 ||    52
         Stone Arrow       |     2 |     4 ||     6
  Evoke: Wand              |       |     1 ||     1
 Armour: Robe              |    14 |     8 ||    22
  Dodge: Dodged            |    31 |    26 ||    57

Table legend: (Time is in decaauts)
 A = Elapsed time spent in this place.
 B = Non-inter-level travel time spent in this place.
 C = Inter-level travel time spent in this place.
 D = Time resting spent in this place.
 E = Time spent auto-exploring this place.
 F = Levels seen in this place.
 G = Mean time per level.
                   A        B        C        D        E       F      G
               +--------+--------+--------+--------+--------+-----+--------+
         Total |    633 |    504 |    129 |      0 |      0 |   4 |  158.2 |
       Dungeon |    633 |    504 |    129 |      0 |      0 |   4 |  158.2 |
               +--------+--------+--------+--------+--------+-----+--------+

Top non-repeatable levels by time:
     D:1: 289 daAuts
     D:2: 144 daAuts
     D:3: 142 daAuts
     D:4: 56 daAuts
